Map: Reclamation LE

Players

Ekelpack - Winner!

  • Race: Zerg Zerg
  • Spawn Location: 11:00

Nyck - Winner!

  • Race: Terran Terran
  • League: Silver
  • Spawn Location: 12:00

cheesetricks

  • Race: Protoss Protoss
  • Spawn Location: 5:00

JeffPesos

  • Race: Protoss Protoss
  • Spawn Location: 6:00

VOD

Have the link to the VOD?

Description

Time

  • Played on: Oct. 15, 2024, 1:21 p.m.
  • Length: 14:14
Show
View Real Time Build Order
Export as new Build Order

Ekelpack Zerg - Winner!

Build Orders: Hatch First 

Get SALT Encoding   

  12  0:00  Drone  
  13  0:12  Overlord  
  13  0:16  Drone  
  14  0:42  Hatchery  
  14  0:45  Drone  
  14  0:51  Drone  
  15  1:10  Spawning Pool  
  14  1:18  Drone  
  14  1:21  Drone x2, Extractor  
  16  1:57  Zergling x2  
  16  1:58  Queen, Zergling x6  
  16  1:59  Queen  
  24  2:15  Zergling x4  
  26  2:24  Drone  
  26  2:25  Drone  
  28  2:38  Overlord  
  28  2:48  Overlord  
  28  3:01  Extractor  
  28  3:02  Drone  
  28  3:03  Drone x2  
  30  3:05  Metabolic Boost  
  30  3:10  Drone x4  
  30  3:11  Drone x2  
  36  3:25  Extractor  
  35  3:27  Extractor  
  35  3:33  Drone x2  
  36  3:38  Lair  
  36  3:48  Drone x6  
  42  3:56  Drone  
  42  3:59  Overlord  
  38  4:41  Drone x3  
  38  4:45  Zergling x6  
  43  4:46  Zergling x10, Overlord  
  43  4:47  Zergling x4  
  51  5:00  Spire  
  51  5:02  Zergling x2  
  51  5:04  Queen  
  51  5:28  Zergling x4, Overlord  
  53  5:29  Zergling x8  
  53  5:34  Overlord  
  57  5:48  Hatchery  
  56  6:06  Overlord  
  56  6:14  Mutalisk x3  
  56  6:15  Mutalisk x7  
  76  6:25  Drone  
  77  6:34  Drone x4  
  77  6:35  Drone x3  
  84  6:58  Overlord  
  84  7:04  Extractor  
  83  7:08  Extractor  
  82  7:15  Overseer  
  82  7:16  Overseer x2  
  82  7:22  Mutalisk x4  
  82  7:23  Mutalisk  
  82  7:24  Overlord  
  92  7:46  Zergling x8  
  92  7:47  Zergling x2  
  97  7:56  Mutalisk x4  
  105  7:58  Overlord  
  105  7:59  Overlord  
  105  8:01  Drone  
  105  8:05  Overlord  
  106  8:10  Zerg Flyer Weapons Level 1, Overlord  
  106  8:20  Pneumatized Carapace  
  106  8:26  Overlord  
  106  8:30  Drone  
  106  8:31  Drone x6  
  113  8:45  Zergling x6  
  113  8:46  Zergling x8  
  120  9:29  Mutalisk x3  
  120  9:30  Mutalisk x5  
  136  9:32  Overlord  
  136  9:40  Hatchery  
  135  9:54  Infestation Pit  
  126  10:32  Zergling x8  
  126  10:33  Zergling x4  
  126  10:34  Hive  
  132  10:47  Drone x2  
  134  10:50  Evolution Chamber  
  134  10:54  Extractor  
  132  10:58  Extractor  
  132  11:01  Zergling x8  
  132  11:02  Zergling x6, Overlord x4  
  138  11:18  Zergling x4  
  138  11:19  Zergling x8  
  138  11:20  Zergling x14  
  138  11:21  Zergling x8  
  77  11:45  Zerg Melee Weapons Level 1  
  65  11:52  Ultralisk Cavern  
  60  11:59  Adrenal Glands  
  60  12:38  Ultralisk  
  60  12:39  Ultralisk x5  
  96  12:54  Ultralisk  
  102  13:06  Ultralisk  
  102  13:10  Drone x5  
Show
View Real Time Build Order
Export as new Build Order

Nyck Terran - Winner!

Build Orders:  

Get SALT Encoding   

  12  0:00  SCV  
  13  0:12  SCV  
  14  0:18  Supply Depot  
  14  0:25  SCV  
  15  0:40  SCV  
  16  0:43  Barracks  
  16  0:58  SCV, Barracks  
  17  1:12  SCV  
  17  1:24  SCV  
  18  1:36  SCV  
  19  1:51  SCV  
  20  2:00  Marine x2  
  22  2:03  SCV  
  22  2:05  Supply Depot  
  23  2:17  Orbital Command  
  23  2:26  Marine x2  
  25  2:30  Command Center  
  25  2:44  Marine  
  25  2:45  Refinery x2  
  25  2:46  SCV  
  25  2:48  Marine  
  28  3:02  Marine  
  29  3:06  Marine  
  29  3:10  SCV  
  31  3:17  Supply Depot  
  31  3:38  Marine x2  
  31  3:39  SCV  
  34  3:42  Supply Depot  
  34  3:51  SCV, Factory  
  34  3:54  Engineering Bay  
  35  3:57  Engineering Bay  
  35  4:03  SCV  
  35  4:07  Marine x2  
  38  4:15  SCV  
  36  4:37  Marine x2  
  36  4:44  Hellion  
  35  4:46  Factory  
  35  5:04  Bunker  
  33  5:25  Hellion  
  33  5:28  Terran Infantry Weapons Level 1, Terran Infantry Armor Level 1  
  35  5:29  SCV  
  36  5:35  Orbital Command  
  36  5:41  SCV, Marine x2  
  39  5:46  Hellion  
  41  5:53  SCV  
  41  5:54  Refinery  
  42  6:05  SCV  
  42  6:08  Missile Turret  
  43  6:15  Missile Turret  
  43  6:16  SCV  
  43  6:17  SCV, Refinery  
  45  6:25  Missile Turret  
  45  6:28  SCV  
  45  6:29  SCV, Marine x2  
  49  6:40  SCV  
  49  6:41  SCV  
  51  6:48  Command Center  
  51  6:53  Barracks Tech Lab, SCV, Barracks Reactor  
  51  6:54  SCV  
  53  7:02  Armory  
  53  7:10  SCV  
  53  7:11  SCV  
  53  7:13  Barracks  
  55  7:16  Marine  
  55  7:19  Combat Shield  
  56  7:23  SCV x2  
  58  7:35  SCV x2, Marine x2  
  62  7:42  Marine  
  62  7:44  Supply Depot  
  63  7:47  SCV  
  63  7:49  Terran Infantry Weapons Level 2  
  63  7:50  Terran Infantry Armor Level 2  
  64  7:52  Factory Reactor  
  64  7:57  SCV, Starport  
  65  8:00  Factory Reactor  
  65  8:06  Supply Depot  
  65  8:10  Barracks Reactor  
  65  8:21  SCV x2  
  67  8:29  Supply Depot  
  67  8:32  Marine x3  
  67  8:33  SCV x2  
  72  8:37  Barracks x2  
  72  8:38  Stimpack  
  72  8:46  Terran Vehicle And Ship Armor Level 1  
  72  8:52  Supply Depot  
  72  8:53  SCV  
  72  8:54  SCV  
  74  9:11  SCV x2  
  76  9:23  SCV  
  76  9:24  SCV, Marine x3  
  78  9:25  Marine x2  
  78  9:31  Medivac x2  
  87  9:40  Supply Depot  
  87  9:51  Marine x3  
  87  9:52  Marine x2  
  92  10:01  Medivac x2  
  92  10:03  Supply Depot  
  96  10:08  SCV x2  
  96  10:09  Marine x3  
  96  10:10  Marine  
  96  10:12  Terran Infantry Weapons Level 3  
  96  10:13  Terran Infantry Armor Level 3  
  102  10:18  Barracks Reactor x2  
  102  10:24  Barracks  
  102  10:25  Supply Depot  
  102  10:31  Medivac x2  
  102  10:32  Marine x4  
  102  10:34  Marine  
  111  10:40  SCV x2  
  111  10:41  Orbital Command  
  113  10:49  Supply Depot, Marine x2  
  113  10:52  SCV x2  
  117  10:57  Marine x2  
  117  10:58  Supply Depot, Marine x4  
  117  10:59  Marine  
  117  11:01  Medivac x2  
  128  11:07  Marine x2  
  128  11:11  Supply Depot  
  130  11:15  Marine x3  
  130  11:16  Marine x2  
  135  11:21  Supply Depot  
  131  11:30  Viking  
  131  11:31  Viking  
  135  11:34  Supply Depot  
  133  11:45  Supply Depot  
  133  11:49  Marine x10  
  143  12:00  Viking  
  143  12:01  Viking  
  147  12:03  Supply Depot  
  147  12:06  Marine  
  147  12:07  Marine x7  
  147  12:08  Supply Depot  
  155  12:13  SCV  
  156  12:15  Refinery  
  156  12:18  SCV x2  
  156  12:19  Refinery  
  158  12:23  Marine  
  158  12:24  Marine x2  
  158  12:25  SCV, Marine x7  
  158  12:27  Supply Depot  
  169  12:30  SCV x2, Viking  
  169  12:31  Viking  
  175  12:37  SCV  
  175  12:41  Marine  
  175  12:42  SCV x2, Marine x2  
  175  12:43  Marine x6  
  185  12:49  SCV  
  177  12:54  SCV x2  
  179  13:00  Viking  
  179  13:01  SCV, Viking  
  182  13:07  SCV  
  182  13:08  Marine  
  182  13:09  Marine x9  
  191  13:13  SCV x2  
  193  13:26  Marine  
  194  13:27  Marine x6  
Show
View Real Time Build Order
Export as new Build Order

cheesetricks Protoss 

Build Orders:  

Get SALT Encoding   

  12  0:00  Probe  
  13  0:12  Pylon  
  13  0:17  Probe  
  14  0:31  Gateway  
  14  0:35  Probe  
  14  0:41  Assimilator  
  15  0:54  Probe (Chrono Boost)  
  17  1:05  Probe (Chrono Boost)  
  17  1:10  Probe (Chrono Boost)  
  18  1:20  Cybernetics Core  
  18  2:00  Nexus  
  18  2:03  Probe  
  18  2:04  Warp Gate  
  19  2:08  Stalker (Chrono Boost)  
  21  2:22  Pylon  
  21  2:27  Gateway  
  21  2:30  Stalker (Chrono Boost)  
  23  2:43  Shield Battery  
  23  2:51  Gateway  
  23  2:58  Stalker (Chrono Boost)  
  25  3:08  Shield Battery  
  25  3:11  Stalker (Chrono Boost)  
  27  3:20  Probe  
  27  3:21  Probe  
  29  3:31  Sentry  
  29  3:32  Probe  
  29  3:33  Probe  
  33  3:38  Adept  
  35  3:44  Probe  
  36  4:01  Probe  
  37  4:04  Zealot x2  
  37  4:08  Twilight Council  
  37  4:09  Probe  
  42  4:13  Probe  
  43  4:27  Stalker  
  43  4:28  Zealot  
  43  4:47  Pylon  
  43  4:48  Assimilator, Probe  
  43  4:49  Probe  
  43  4:51  Assimilator  
  43  4:52  Assimilator  
  39  5:15  Zealot x3  
  39  5:16  Charge (Chrono Boost)  
  41  5:32  Forge  
  41  5:33  Zealot  
  41  5:34  Pylon  
  43  5:36  Zealot, Pylon  
  43  5:37  Zealot  
  43  5:38  Probe  
  48  5:48  Zealot  
  50  6:03  Probe x2  
  52  6:14  Nexus  
  52  6:15  Pylon  
  52  6:16  Protoss Ground Weapons Level 1 (Chrono Boost)  
  52  6:17  Zealot, Sentry  
  56  6:23  Probe  
  56  6:24  Probe  
  58  6:33  Robotics Facility  
  58  6:35  Probe  
  58  6:39  Shield Battery  
  59  6:53  Blink, Pylon  
  59  6:55  Probe  
  59  6:58  Probe  
  61  7:07  Pylon  
  61  7:18  Stargate  
  61  7:23  Stargate  
  61  7:25  Photon Cannon  
  61  7:27  Photon Cannon  
  61  7:31  Stalker x2  
  61  7:32  Stalker  
  59  7:50  Photon Cannon  
  59  7:53  Photon Cannon  
  59  7:54  Stalker  
  61  8:18  Phoenix (Chrono Boost)  
  63  8:20  Phoenix (Chrono Boost)  
  63  8:26  Probe  
  66  8:27  Probe  
  66  8:29  Probe  
  68  8:38  Probe  
  68  8:40  Phoenix (Chrono Boost), Probe  
  72  8:41  Probe  
  72  8:47  Stalker x2  
  77  8:50  Probe  
  77  8:52  Probe  
  77  8:55  Phoenix (Chrono Boost)  
  81  9:03  Probe x2  
  81  9:06  Probe, Photon Cannon  
  84  9:10  Phoenix (Chrono Boost)  
  86  9:25  Probe x3  
  86  9:29  Phoenix (Chrono Boost)  
  93  9:38  Photon Cannon  
  93  9:40  Phoenix (Chrono Boost)  
  93  9:41  Pylon  
  93  9:56  Pylon  
  93  9:57  Pylon  
  93  9:59  Phoenix (Chrono Boost)  
  96  10:00  Probe  
  96  10:01  Phoenix (Chrono Boost)  
  98  10:09  Pylon  
  98  10:32  Fleet Beacon  
  98  10:34  Phoenix x2  
  102  10:37  Probe x2  
  102  10:38  Probe  
  102  10:40  Assimilator  
  105  10:51  Nexus  
  105  10:54  Photon Cannon  
  105  10:55  Stalker x2  
  109  10:59  Photon Cannon  
  71  11:49  Carrier (Chrono Boost)  
  71  11:50  Carrier (Chrono Boost)  
  83  11:56  Zealot x3  
  83  11:57  Probe x2  
  83  12:00  Assimilator  
  83  12:01  Probe  
  92  12:04  Probe  
  93  12:09  Probe x2  
  93  12:12  Stargate  
  93  12:14  Stargate  
  95  12:18  Probe  
  95  12:19  Probe  
  95  12:21  Probe  
  98  12:26  Unknown  
  96  12:55  Carrier (Chrono Boost)  
  96  13:03  Carrier (Chrono Boost)  
  108  13:09  Zealot x3  
  114  13:14  Carrier (Chrono Boost)  
  118  13:22  Gateway  
  118  13:26  Gateway  
  118  13:27  Gateway  
  124  13:37  Pylon  
  124  13:38  Pylon  
  124  13:40  Probe, Pylon  
  131  13:50  Zealot x3  
Show
View Real Time Build Order
Export as new Build Order

JeffPesos Protoss 

Build Orders: Zealot Archon 

Get SALT Encoding   

  12  0:01  Probe  
  13  0:15  Pylon  
  13  0:18  Probe (Chrono Boost)  
  15  0:28  Probe (Chrono Boost)  
  15  0:36  Gateway  
  15  0:37  Probe  
  16  0:56  Forge  
  16  1:04  Pylon  
  16  1:06  Probe  
  17  1:19  Probe  
  18  1:31  Photon Cannon  
  17  2:07  Probe  
  18  2:11  Assimilator x2  
  18  2:16  Zealot  
  18  2:18  Cybernetics Core  
  18  2:20  Probe  
  21  2:33  Probe  
  21  2:35  Photon Cannon  
  22  2:45  Probe  
  23  2:57  Gateway  
  23  3:04  Nexus  
  23  3:05  Pylon  
  23  3:08  Pylon  
  23  3:23  Stalker, Probe  
  23  3:26  Pylon  
  26  3:35  Probe  
  26  3:40  Warp Gate  
  27  3:44  Stalker  
  27  3:45  Protoss Ground Weapons Level 1 (Chrono Boost)  
  27  3:47  Probe  
  30  3:59  Probe  
  31  4:16  Pylon  
  31  4:21  Twilight Council  
  31  4:46  Stalker x2  
  31  4:48  Probe x2  
  37  4:54  Charge (Chrono Boost)  
  37  5:00  Probe x2  
  39  5:12  Probe x2  
  41  5:24  Probe x2 (Chrono Boost)  
  41  5:26  Dark Shrine  
  43  5:34  Assimilator  
  43  5:35  Assimilator  
  43  5:36  Probe (Chrono Boost)  
  43  5:37  Probe (Chrono Boost)  
  45  5:45  Probe x2 (Chrono Boost)  
  45  5:46  Photon Cannon  
  45  5:47  Photon Cannon  
  47  5:50  Probe  
  47  5:51  Probe  
  49  6:01  Zealot x2  
  49  6:03  Probe x2  
  55  6:15  Probe x2  
  55  6:16  Protoss Ground Weapons Level 2  
  57  6:23  Gateway  
  57  6:27  Probe x2  
  57  6:29  Gateway  
  57  6:31  Gateway  
  57  6:32  Gateway  
  59  6:39  Shadow Stride (Chrono Boost), Probe x2  
  61  6:44  Dark Templar  
  61  6:46  Dark Templar  
  65  6:51  Probe x2  
  67  6:57  Gateway  
  67  7:03  Archon  
  60  7:28  Photon Cannon x2  
  60  7:29  Probe x2, Photon Cannon  
  62  7:30  Photon Cannon  
  62  7:31  Shield Battery  
  61  7:39  Shield Battery  
  61  7:41  Probe x2  
  61  7:42  Photon Cannon  
  63  7:50  Dark Templar x2  
  67  8:14  Dark Templar  
  69  8:23  Pylon  
  69  8:24  Pylon  
  69  8:40  Probe  
  70  8:41  Probe  
  71  8:52  Probe  
  71  8:53  Probe  
  69  9:17  Dark Templar x6  
  69  9:21  Archon  
  69  9:22  Protoss Ground Weapons Level 3 (Chrono Boost), Archon x2  
  81  9:41  Pylon  
  81  9:43  Pylon  
  81  9:45  Forge  
  81  9:50  Dark Templar  
  81  9:51  Dark Templar  
  85  9:55  Pylon  
  85  10:04  Archon  
  85  10:07  Nexus  
  85  10:08  Dark Templar x2  
  85  10:09  Pylon  
  85  10:13  Pylon  
  89  10:25  Archon  
  89  10:39  Pylon, Photon Cannon  
  89  10:41  Photon Cannon  
  89  10:43  Photon Cannon  
  89  10:44  Shield Battery, Dark Templar  
  89  10:45  Dark Templar  
  89  10:47  Protoss Ground Armor Level 1 (Chrono Boost)  
  89  10:48  Archon  
  93  10:57  Shield Battery  
  93  10:59  Probe x2  
  95  11:05  Photon Cannon  
  95  11:07  Photon Cannon x2  
  95  11:09  Photon Cannon  
  95  11:11  Probe x2, Photon Cannon  
  96  11:13  Photon Cannon  
  96  11:14  Photon Cannon  
  96  11:15  Photon Cannon  
  96  11:16  Shield Battery  
  97  11:18  Shield Battery  
  97  11:20  Pylon  
  97  11:23  Photon Cannon  
  97  11:24  Pylon  
  97  11:29  Photon Cannon  
  61  11:59  Templar Archives  
  61  12:11  Assimilator  
  61  12:13  Assimilator  
  61  12:19  Robotics Facility  
  61  12:22  Robotics Facility  
  61  12:25  Robotics Facility  
  61  12:31  Dark Templar x2  
  61  12:32  Dark Templar x2  
  61  12:35  Archon x2  
  69  12:39  Probe x3  
  72  13:14  Robotics Bay  
  72  13:16  Pylon  
  72  13:18  Robotics Facility  
  72  13:21  Pylon  
  72  13:32  Probe  
  72  13:33  Nexus, Probe x2  
  75  13:34  Pylon  
  75  13:35  Pylon  
  75  13:40  Assimilator, Observer  
  76  13:43  Dark Templar x2  
  76  13:44  Probe  
  76  13:45  Assimilator, Probe x2  
Tags
 
Add a new tag
Caveats
  • Supply blocks, unpowered buildings, or Contaminate may cause inaccurate times.
  • Supply counts are checked every 10 seconds.